 Dungeon Crawl Stone Soup version 0.22-a0-305-gd21a89c (webtiles) character file.

18858 grindst0ne the Blocker (level 12, -21/92 HPs)
             Began as a Mummy Fighter on Mar 28, 2018.
             Was an Initiate of Gozag.
             Killed from afar by a fire giant (61 damage)
             ... with a bolt of fire
             ... on level 12 of the Dungeon.
             The game lasted 00:24:21 (13458 turns).

grindst0ne the Blocker (Mummy Fighter)             Turns: 13458, Time: 00:24:22

Health: -21/92     AC: 22    Str: 24    XL:     12   Next: 31%
Magic:  0/24       EV:  6    Int:  7    God:    Gozag
Gold:   1313       SH: 12    Dex: 12    Spells: 11/11 levels left

rFire    x . .     SeeInvis .   j - +0 morningstar
rCold    + . .     Gourm    .   c - +0 shield
rNeg     + + +     Faith    .   a - +0 plate armour
rPois    ∞         Spirit   +   y - +0 helmet
rElec    .         Reflect  .   w - +1 cloak {MR+}
rCorr    .         Harm     .   D - +2 pair of gloves
MR       ++...                  q - +0 pair of boots
Stlth    ..........             m - amulet of guardian spirit
HPRegen  0.25/turn              o - ring of magical power
MPRegen  0.19/turn              (no ring)

@: about to teleport, gold aura
A: no food or potions, fire vulnerability, cold resistance 1, negative energy
resistance 3, torment resistance, unbreathing
a: Potion Petition, Call Merchant, Bribe Branch, Renounce Religion


You were on level 12 of the Dungeon.
You worshipped Gozag.
Gozag was most pleased with you.
You were not hungry.

You visited 2 branches of the dungeon, and saw 13 of its levels.

You collected 2290 gold pieces.
You spent 116 gold pieces at shops.
You paid 861 gold pieces to Gozag.

Inventory:

Hand Weapons
 j - a +0 morningstar (weapon)
 k - a +0 dire flail of venom
 C - a +2 whip of venom
Armour
 a - a +0 plate armour (worn)
 c - a +0 shield (worn)
 i - a +0 chain mail
 q - a +0 pair of boots (worn)
 w - a +1 cloak of magic resistance (worn)
 y - a +0 helmet (worn)
 D - a +2 pair of gloves (worn)
Jewellery
 m - an amulet of guardian spirit (around neck)
 o - a ring of magical power (left hand)
 B - an uncursed ring of ice
 F - an uncursed ring of fire {unknown}
Wands
 n - a wand of acid (15)
 p - a wand of iceblast (5)
 r - a wand of random effects (26)
 t - a wand of flame (13)
 u - a wand of paralysis (38)
 z - a wand of enslavement (13)
 E - a wand of digging (18)
Scrolls
 b - a scroll of brand weapon
 d - 16 scrolls of identify
 e - 2 scrolls of blinking
 f - 12 scrolls of remove curse
 g - 3 scrolls of enchant weapon
 h - 4 scrolls of teleportation
 l - 4 scrolls of magic mapping
 s - 2 scrolls of enchant armour
 v - 2 scrolls of amnesia
 x - 2 scrolls of fear
 A - 2 scrolls of fog


   Skills:
 + Level 7.7 Fighting
 + Level 9.1 Maces & Flails
 - Level 2.1 Throwing
 + Level 9.3 Armour
 + Level 9.3 Shields
 + Level 4.4 Evocations


You had 11 spell levels left.
You didn't know any spells.

Dungeon Overview and Level Annotations

Branches:
Dungeon (12/15)            Temple (1/1) D:4            Lair (0/6) D:9
    Orc (0/2) D:11

Altars:
Ashenzari
Cheibriados
Dithmenos
Elyvilon
Fedhas
Gozag
Hepliaklqana
Kikubaaqudgha
Makhleb
Nemelex Xobeh
Okawaru
Qazlal
Ru
Sif Muna
Trog
Uskayaw
Vehumet
Wu Jian
Xom
Yredelemnul
Zin
The Shining One

Shops:
D:8 *   D:9 !   D:11 (


Innate Abilities, Weirdness & Mutations

You do not eat or drink.
Your flesh is vulnerable to fire.
You are immune to poison.
Your flesh is cold resistant. (rC+)
You are immune to negative energy. (rN+++)
You are immune to unholy pain and torment.
You can survive without breathing.


Message History

The fire giant shouts!
You hear a shout! x2; You hear an angry hiss.
The fire giant points at you and mumbles some strange words.
The bolt of fire hits you! The fire burns you terribly!
Ouch! That really hurt!
An ogre and a crimson imp come into view.
The crimson imp is wielding a morningstar of protection.
The fire giant moves out of view.
Things that are here:
33 gold pieces; a battleaxe; a robe Blink to where?
Press: ? - help, Dir - move target cursor
Okay, then.
Unknown command.
As you read the scroll of teleportation, it crumbles to dust.
You feel strangely unstable.
The fire giant points at you and mumbles some strange words.
The bolt of fire hits you! The fire burns you terribly!
Ouch! That really hurt!
You die...
Your body crumbles into a pile of gold.

.....###....## #.#
#.####..... .$.##...#### #.#
#...##.>... .#..##..# #.#
###.##..... #O.##.# #.#
###.##..... . #..#.#
##.###.......... ....##.#.#
##...##.#.##..... .........##
#.>.......####.##
....##.#O.######.....###.##
#.# . #..#..5C$..@.###.#
#..###.##
#..##.##.####.###.###........
. #y.##.....#
#..........###.#.
.W...##..##### ###.###.##.#
#... ##.###..# #.# #.##.#
#.#. .......# #.# # ##.# #.##
###..####### #.# #.###.##
...........########.#
........
#########....!......#
########


You could see a fire giant, an ogre and a crimson imp.

Vanquished Creatures
  Fannar (D:12)
  A hydra (D:12)
  4 two-headed ogres
  An ugly thing (D:12)
  A cyclops (D:11)
  A gargoyle (D:11)
  A freezing wraith (D:12)
  A komodo dragon (D:11)
  Prince Ribbit (D:6)
  4 trolls
  A queen bee (D:10)
  2 hornets
  2 hippogriffs (D:10)
  3 wyverns
  17 yaks
  A hungry ghost (D:9)
  3 wargs (D:9)
  A water moccasin (D:6)
  8 orc warriors
  An eye of draining (D:11)
  3 sky beasts
  4 ice beasts
  16 ogres
  A phantom (D:6)
  2 necrophages
  9 centaurs
  3 big kobolds
  2 gnoll sergeants (D:11)
  10 bullfrogs
  A water moccasin zombie (D:6)
  3 scorpions
  23 killer bees
  A wight (D:12)
  5 howler monkeys
  A centaur zombie (D:12)
  6 crimson imps
  9 hounds
  7 orc priests
  Crazy Yiuf (D:5)
  A jelly (D:5)
  A bullfrog skeleton (D:5)
  3 centaur skeletons
  4 iguanas
  7 orc wizards
  8 worker ants
  A hound zombie (D:7)
  2 hound skeletons
  2 worker ant zombies
  14 gnolls
  14 adders
  A howler monkey skeleton (D:5)
  2 shadow imps
  2 oozes (D:2)
  An adder skeleton (D:5)
  An adder zombie (D:7)
  3 worms
  2 dart slugs
  5 leopard geckos
  55 orcs
  8 bats
  4 giant cockroaches
  4 hobgoblins
  11 jackals
  17 kobolds
  5 quokkas
  7 frilled lizards
  9 goblins
  8 rats
  A spectral orc (D:5)
365 creatures vanquished.

Vanquished Creatures (others)
  A wizard (D:3)
1 creature vanquished.

Grand Total: 366 creatures vanquished

Notes
Turn   | Place    | Note
-------+----------+-------------------------------------------
     0 | D:1      | grindst0ne the Mummy Fighter began the quest for the Orb.
     0 | D:1      | Reached XP level 1. HP: 18/18 MP: 1/1
   322 | D:1      | Reached XP level 2. HP: 21/24 MP: 2/2
   751 | D:2      | Reached XP level 3. HP: 29/29 MP: 3/3
   821 | D:2      | Found a sparkling altar of Nemelex Xobeh.
   904 | D:2      | Reached XP level 4. HP: 11/35 MP: 4/4
  1791 | D:3      | Found a shattered altar of Ashenzari.
  1881 | D:3      | Reached XP level 5. HP: 40/41 MP: 5/5
  1966 | D:3      | Found a hide-covered altar of Uskayaw.
  2311 | D:3      | Found a burning altar of Makhleb.
  2317 | D:3      | Reached skill level 1 in Throwing
  2476 | D:3      | Found a bloodstained altar of Trog.
  2486 | D:3      | Noticed a wizard
  2489 | D:3      | Killed a wizard
  2608 | D:4      | Found a staircase to the Ecumenical Temple.
  2690 | D:4      | Found a shimmering altar of Xom.
  2843 | D:4      | Found a glowing golden altar of the Shining One.
  2876 | D:4      | Reached XP level 6. HP: 45/47 MP: 6/6
  3039 | D:4      | Found a white marble altar of Elyvilon.
  3058 | D:5      | Entered Level 5 of the Dungeon
  3196 | D:5      | Found a runed door.
  3423 | D:5      | Reached XP level 7. HP: 38/52 MP: 7/7
  3742 | D:5      | Found a basalt altar of Yredelemnul.
  3947 | D:5      | Found a snail-covered altar of Cheibriados.
  4082 | D:5      | Noticed Crazy Yiuf
  4099 | D:5      | Killed Crazy Yiuf
  4249 | Temple   | Entered the Ecumenical Temple
  4771 | D:6      | Noticed a two-headed ogre
  4812 | D:6      | Killed a two-headed ogre
  4812 | D:6      | Reached skill level 5 in Maces & Flails
  4812 | D:6      | Reached skill level 5 in Armour
  4812 | D:6      | Reached skill level 5 in Shields
  4812 | D:6      | Reached XP level 8. HP: 34/58 MP: 8/8
  4904 | D:6      | Noticed Prince Ribbit
  4937 | D:6      | Killed Prince Ribbit
  5021 | D:6      | Reached XP level 9. HP: 32/63 MP: 9/9
  5444 | D:6      | Found a hazy altar of Hepliaklqana.
  6229 | D:7      | Found a sacrificial altar of Ru.
  6271 | D:7      | Found a shimmering altar of Xom.
  6434 | D:7      | Found an opulent altar of Gozag.
  6443 | D:7      | Became a worshipper of Gozag Ym Sagoz the Greedy
  6794 | D:8      | Reached XP level 10. HP: 33/70 MP: 10/10
  6965 | D:8      | Found Ucyqyvad's Assorted Antiques.
  6973 | D:8      | Bought a scroll labeled AFOERY FUEQEQ for 29 gold pieces
  6973 | D:8      | Bought a scroll labeled AFOERY FUEQEQ for 29 gold pieces
  6973 | D:8      | Bought a scroll labeled OVYBRU RAROSH for 29 gold pieces
  6973 | D:8      | Bought a scroll labeled SOISYD BOROJE for 29 gold pieces
  7287 | D:8      | Noticed a two-headed ogre
  7324 | D:8      | Killed a two-headed ogre
  7847 | D:9      | Found a snail-covered altar of Cheibriados.
  8078 | D:9      | Found a staircase to the Lair.
  8472 | D:9      | Found Nejaytit's Distillery.
  8516 | D:9      | Found a bloodstained altar of Trog.
  8851 | D:10     | Entered Level 10 of the Dungeon
  8904 | D:10     | Reached skill level 5 in Fighting
  9360 | D:10     | Noticed a two-headed ogre
  9381 | D:10     | Killed a two-headed ogre
  9381 | D:10     | Reached skill level 1 in Evocations
  9381 | D:10     | Reached XP level 11. HP: 51/80 MP: 11/11
 11028 | D:11     | Found a staircase to the Orcish Mines.
 11663 | D:12     | Noticed Fannar
 11697 | D:12     | Killed Fannar
 11721 | D:12     | Noticed a two-headed ogre
 11755 | D:12     | Killed a two-headed ogre
 12423 | D:12     | Reached XP level 12. HP: 78/91 MP: 14/14
 12944 | D:12     | Noticed a five-headed hydra
 12967 | D:12     | Killed a five-headed hydra
 13453 | D:12     | Noticed a fire giant
 13458 | D:12     | Killed from afar by a fire giant

Vault maps used:
D:1:      lemuel_arrival_muddy, st_stairs_12
D:2:      lemuel_upstairs_altar, lemuel_crystal_altar
D:3:      makhleb_blood_cavern_becter, old_standard_altar,
          cheibrodos_ashenzari_chains, first_ration, grunt_decor_cap,
          minmay_misc_feat_room, trog_wizard
D:4:      lemuel_coloured_pillars_altar, tso_oasis_becter,
          minmay_temple_entry_poolview, xom_teletrap_fun
D:5:      yredelemnul_forgotten_temple_becter, chei_slow_surprise,
          uniq_crazy_yiuf_cottage
D:6:      old_standard_altar, uniq_prince_ribbit1
D:7:      marbit_many_paths, nicolae_overflow_crystal_walls,
          lemuel_doored_altar, nrook_mini_vaults
D:8:      serial_shops, shop
D:9:      kennysheep_mini_moat, lemuel_round_altar, erik_lair_orcish_takeover,
          serial_shops, nicolae_shop_crystal
D:10:     david_nohive_1
D:11:     kennysheep_orc_monster_closet_entryway
D:12:     minmay_the_grid_octo_triangle, uniq_fannar
Temple:   compressed_dpeg_triangle_lava_temple

Skill      XL: |  1  2  3  4  5  6  7  8  9 10 11 12 |
---------------+-------------------------------------+-----
Maces & Flails | 2 3 5 6 7 8 9 |  9.1
Shields        | 3 4 5 6 7 8 9 |  9.3
Armour         | 3 4 5 6 7 8 9 |  9.3
Throwing       | 1 2 |  2.1
Fighting       | 5 7 |  7.7
Evocations     | 1 3 4 |  4.4

Action                   |  1- 3 |  4- 6 |  7- 9 | 10-12 || total
-------------------------+-------+-------+-------+-------++-------
Melee: Flail             |   152 |    11 |       |       ||   163
       Whip              |       |   302 |   610 |  1279 ||  2191
       Morningstar       |       |       |       |    50 ||    50
Throw: Throwing net      |       |       |       |     5 ||     5
Invok: Call Merchant     |       |       |       |     1 ||     1
Evoke: Wand              |       |       |     2 |     1 ||     3
  Use: Scroll            |       |       |       |    16 ||    16
 Stab: Paralysed         |       |       |    11 |       ||    11
       Held in net/web   |       |       |       |     6 ||     6
       Distracted        |       |       |       |     7 ||     7
Armor: Scale mail        |    63 |       |       |       ||    63
       Chain mail        |     4 |   148 |   185 |    14 ||   351
       Plate armour      |       |       |       |   552 ||   552
Dodge: Dodged            |    48 |    68 |    84 |   185 ||   385
Block: Shield            |    92 |   147 |   239 |   614 ||  1092

Table legend:
 A = Spawn XP
 B = Non-spawn XP
 C = Spawn XP percentage of total XP
 D = Spawn monster count
 E = Non-spawn monster count
 F = Spawn count percentage of total count
 G = Total turns spent on level
                    A         B        C        D         E        F      G
               +---------+---------+-------+---------+---------+-------+---------
         Total |       0 |   26941 |   0.0 |       0 |     365 |   0.0 | 13458
               +---------+---------+-------+---------+---------+-------+---------
           D:1 |       0 |      40 |   0.0 |       0 |      25 |   0.0 |   747
           D:2 |       0 |     124 |   0.0 |       0 |      22 |   0.0 |   959
           D:3 |       0 |     103 |   0.0 |       0 |      17 |   0.0 |   837
           D:4 |       0 |     176 |   0.0 |       0 |      18 |   0.0 |   600
           D:5 |       0 |     773 |   0.0 |       0 |      33 |   0.0 |  1179
           D:6 |       0 |    2263 |   0.0 |       0 |      19 |   0.0 |  1165
           D:7 |       0 |    1581 |   0.0 |       0 |      40 |   0.0 |   907
           D:8 |       0 |    1921 |   0.0 |       0 |      26 |   0.0 |  1039
           D:9 |       0 |    1608 |   0.0 |       0 |      25 |   0.0 |  1228
          D:10 |       0 |    3672 |   0.0 |       0 |      41 |   0.0 |  1523
          D:11 |       0 |    5832 |   0.0 |       0 |      50 |   0.0 |  1370
          D:12 |       0 |    8848 |   0.0 |       0 |      49 |   0.0 |  1524
               +---------+---------+-------+---------+---------+-------+---------
